 Dungeon Crawl Stone Soup version 0.31-a0-986-g5e6e4ef867 (webtiles) character file.

Game seed: 9683815002466045244

6 Whiskey the Changeling (level 1, 0/13 HPs)
             Began as an Octopode Shapeshifter on Nov 5, 2023.
             Slain by a goblin
             ... wielding a +0 dagger
              (2 damage)
             ... on level 1 of the Dungeon.
             The game lasted 00:00:18 (77 turns).

Whiskey the Changeling (Octopode Shapeshifter)        Turns: 77, Time: 00:00:19

Health: 0/13       AC:  1    Str: 13    XL:     1   Next: 90%
Magic:  1/1        EV: 13    Int: 12    God:
Gold:   0          SH:  0    Dex: 11    Spells: 0/0 levels left

rFire   . .          .
                       - Unarmed
rCold   . . .        (no shield)
rNeg    . . .        (helmet currently unavailable)
rPois   .            (no amulet)
rElec   .            (no ring)
rCorr   .            (no ring)
SInv    .            (no ring)
Will    .....        (no ring)
Stlth   ++           (no ring)
HPRegen 0.22/turn    (no ring)
MPRegen 0.07/turn    (no ring)
                     (no ring)

%: no passive effects
@: beast-form
A: beast (slay +1), almost no armour, amphibious, 8 rings, camouflage 1,
gelatinous body 1, (nimble swimmer 1), tentacles
a: Begin Untransformation


You were on level 1 of the Dungeon.
You were a hulking beast.
You visited 1 branch of the dungeon, and saw 1 of its levels.

Inventory:

Talismans
 b - a beast talisman
 c - a flux talisman
Potions
 a - a potion of lignification {!q}
 d - 2 potions of resistance {unknown}


   Skills:
 - Level 1.0 Fighting
 - Level 2.0 Dodging
 - Level 3.0 Unarmed Combat
 * Level 3.3 Shapeshifting


You couldn't memorise any spells.
You didn't know any spells.
Your spell library was empty.

Dungeon Overview and Level Annotations

Branches:
Dungeon (1/15)

Altars:


Innate Abilities, Weirdness & Mutations

You are a hulking beast.
Your limbs bulge with bestial killing power. (Slay +1)
You cannot wear most types of armour.
You are amphibious.
You can wear up to eight rings at the same time.
Your skin changes colour to match your surroundings (Stealth+).
Your rubbery body absorbs attacks. (AC +1, EV +1)
((You are camouflaged when in or above water. (Stealth+)))
You have tentacles for arms and can constrict up to eight enemies at once.


Message History

Options error: Unknown explore stop condition 'greedy_sacrificeable' (~/.crawlrc:946) Bad channel name 'Jiyva says' for runrest: 'Jiyva says: Divide and consume' Welcome, Whiskey the Octopode Shapeshifter.
It's a long way down to the Orb of Zot, but that shouldn't be any trouble.
Found a staircase leading out of the dungeon.
d - 2 fuming dark potions A bat and a quokka come into view.
A goblin comes into view. It is wielding a +0 dagger.
Found a stone staircase leading down.
A dart slug comes into view.
A bat comes into view.
Found a runed dagger.
Found a stone staircase leading down.
The goblin shouts!
The bat completely misses you.
You tentacle-slap the bat. Your grab misses the bat.
The bat hits you but does no damage.
You tentacle-slap the bat. You grab the bat. You squeeze the bat.
You kill the bat!
You tentacle-slap the bat.
You kill the bat!
You tentacle-slap the quokka. Your grab misses the quokka.
Your squeeze misses the quokka. The goblin closely misses you.
The quokka bites you.
You take 1 damage, and have 12/13 hp.
You barely miss the quokka. Your grab misses the quokka.
You squeeze the quokka.
You kill the quokka!
The goblin hits you but does no damage.
You tentacle-slap the dart slug but do no damage.
You grab the dart slug. You squeeze the dart slug. You constrict the dart slug.
The goblin hits you with a +0 dagger.
You take 4 damage, and have 8/13 hp.
MASSIVE DAMAGE!!
You tentacle-slap the dart slug.
You constrict the dart slug, but do no damage.
The goblin hits you with a +0 dagger. The dart slug barely misses you.
You take 4 damage, and have 4/13 hp.
MASSIVE DAMAGE!!
You are too injured to fight recklessly!
You are too injured to fight recklessly!
You are too injured to fight recklessly!
You are too injured to fight recklessly!
You are too injured to fight recklessly!
You are too injured to fight recklessly!
You are too injured to fight recklessly!
You are too injured to fight recklessly!
You are too injured to fight recklessly!
You are too injured to fight recklessly!
You are too injured to fight recklessly!
You are too injured to fight recklessly!
You are too injured to fight recklessly!
You are too injured to fight recklessly!
You are too injured to fight recklessly!
You are too injured to fight recklessly!
You are too injured to fight recklessly!
You are too injured to fight recklessly!
You are too injured to fight recklessly!
You tentacle-slap the dart slug.
You kill the dart slug!
The goblin hits you with a +0 dagger.
* * * LOW HITPOINT WARNING * * *
You take 3 damage, and have 1/13 hp.
MASSIVE DAMAGE!!
The goblin hits you with a +0 dagger.
You die...

######## ..$....#
#### ...).. ....
...##..## #.#8..8##
#### #.h.....#
##..#### ###.g..>....
#.####..##...#8..8##.
##...###...####..##
######.#.##.# ...>
....#.#..##.# ....#
##.ยงยง.#.#.#.#.#
...# ..##..##.#..#..
...# ##.#..#.##.##..


You could see a goblin.

Vanquished Creatures
  A dart slug (D:1)
  A quokka (D:1)
  2 bats (D:1)
4 creatures vanquished.

Notes
Turn   | Place    | Note
-------+----------+-------------------------------------------
     0 | D:1      | Whiskey the Octopode Shapeshifter began the quest for the
                  | Orb.
     0 | D:1      | Reached XP level 1. HP: 13/13 MP: 1/1
    76 | D:1      | HP: 1/13 [goblin/+0 dagger (3)]
    77 | D:1      | Slain by a goblin

Illustrated notes

Levels and vault maps discovered:
D:1:      dpeg_arrival_brainrot, layout_basic, st_stairs_6

Action                     || total
---------------------------++-------
  Melee: Unarmed           ||     8
         Tentacles         ||     3
         Constrict         ||     2
 Armour: Skin              ||     7
  Dodge: Dodged            ||     3

Table legend: (Time is in decaauts)
 A = Elapsed time spent in this place.
 B = Non-inter-level travel time spent in this place.
 C = Inter-level travel time spent in this place.
 D = Time resting spent in this place.
 E = Time spent auto-exploring this place.
 F = Levels seen in this place.
 G = Mean time per level.
                   A        B        C        D        E       F      G
               +--------+--------+--------+--------+--------+-----+--------+
         Total |     76 |     76 |      0 |      0 |     63 |   1 |   76.0 |
       Dungeon |     76 |     76 |      0 |      0 |     63 |   1 |   76.0 |
               +--------+--------+--------+--------+--------+-----+--------+

Top non-repeatable levels by time:
     D:1: 76 daAuts

Levels and vault maps discovered:
D:1:      dpeg_arrival_brainrot, layout_basic, st_stairs_6

Table legend: (Time is in decaauts)
 A = Elapsed time spent in this place.
 B = Non-inter-level travel time spent in this place.
 C = Inter-level travel time spent in this place.
 D = Time resting spent in this place.
 E = Time spent auto-exploring this place.
 F = Levels seen in this place.
 G = Mean time per level.
                   A        B        C        D        E       F      G
               +--------+--------+--------+--------+--------+-----+--------+
         Total |     76 |     76 |      0 |      0 |     63 |   1 |   76.0 |
       Dungeon |     76 |     76 |      0 |      0 |     63 |   1 |   76.0 |
               +--------+--------+--------+--------+--------+-----+--------+

Top non-repeatable levels by time:
     D:1: 76 daAuts

Table legend:
 A = Kills in this place as a percentage of kills in the entire game.
 B = Kills by you in this place as a percentage of kills by you in the entire game.
 C = Kills by friends in this place as a percentage of kills by friends in the entire game.
 D = Other kills in this place as a percentage of other kills in the entire game.
 E = Experience gained in this place as a percentage of experience gained in the entire game.
 F = Experience gained in this place divided by the number of levels of this place that you have seen.
                   A       B       C       D       E      F
               +-------+-------+-------+-------+-------+----------------------
         Total | 100.0 | 100.0 |   N/A |   N/A | 100.0 |   9.0
       Dungeon | 100.0 | 100.0 |   N/A |   N/A | 100.0 |   9.0
               +-------+-------+-------+-------+-------+----------------------
